 Dungeon Sprint DCSS version 0.27.1-34-g3ba077fa99 (webtiles) character file.

Game seed: 10894227014321564622

4 boopmooplesden the Shield-Bearer (level 1, 0/20 HPs)
             Began as a Minotaur Fighter on Jan 13, 2022.
             Was an Initiate of Okawaru.
             Slain by an ufetubus (4 damage)
             ... in the Dungeon (Sprint VII: "The Pits").
             The game lasted 00:00:31 (80 turns).

boopmooplesden the Shield-Bearer (Minotaur Fighter)   Turns: 80, Time: 00:00:32

Health: 0/20       AC:  7    Str: 20    XL:     1   Next: 58%
Magic:  0/0        EV:  4    Int:  5    God:    Okawaru [......]
Gold:   0          SH:  9    Dex:  9    Spells: 0/0 levels left

rFire    . . .     SeeInvis .   a - +0 war axe
rCold    . . .     Faith    .   c - +0 kite shield
rNeg     . . .     Spirit   .   b - +0 scale mail
rPois    .         Reflect  .   (helmet restricted)
rElec    .         Harm     .   (no cloak)
rCorr    .         Rampage  .   (no gloves)
Will     .....     NoTele   +   (no boots)
Stlth    ..........             (no amulet)
HPRegen  0.06/turn              (no ring)
MPRegen  0.07/turn              (no ring)

@: mighty, lethally poisoned (0 -> -5), constricted
A: horns 2, retaliatory headbutt
a: Renounce Religion


You were in the Dungeon.
You worshipped Okawaru.
Okawaru was noncommittal.
You visited 1 branch

Inventory:

Hand Weapons
 a - a +0 war axe (weapon)
 n - a +2 hand axe
Armour
 b - a +0 scale mail (worn)
 c - a +0 kite shield (worn)
Scrolls
 j - a scroll of blinking
 l - 5 scrolls of amnesia
 m - a scroll of summoning
Potions
 e - a potion of curing
 f - a potion of heal wounds
 g - a potion of haste
 h - 4 potions of magic
 i - 3 potions of berserk rage
 k - 2 potions of invisibility


   Skills:
 + Level 4.2 Fighting
 + Level 2.6 Axes
 + Level 4.3 Armour
 + Level 4.3 Shields


You couldn't memorise any spells.
You didn't know any spells.
Your spell library was empty.

Dungeon Overview and Level Annotations

Branches:
Dungeon (1/1)

Altars:
Ashenzari
Cheibriados
Dithmenos
Elyvilon
Fedhas
Gozag
Hepliaklqana
Kikubaaqudgha
Makhleb
Nemelex Xobeh
Okawaru
Qazlal
Ru
Sif Muna
Trog
Uskayaw
Vehumet
Wu Jian
Xom
Yredelemnul
Zin
The Shining One
Beogh
Jiyva
Lugonu


Innate Abilities, Weirdness & Mutations

You have a pair of horns on your head.
You reflexively headbutt those who attack you in melee.


Message History

You hit the jackal skeleton.
You destroy the jackal skeleton!
Okawaru accepts your kill.
Unknown command.
As you open the door, it creaks loudly!
You hear an angry hiss.
You hear a shout!
You hear an angry hiss.
A ball python comes into view.
An ufetubus comes into view.
An adder and a crimson imp come into view.
The crimson imp shouts!
The adder hisses angrily.
You block the ufetubus's attack. x2
There is an open door here.
The crimson imp blinks!
The ufetubus barely misses you. You block the ufetubus's attack.
The crimson imp blinks!
You barely miss the crimson imp.
You headbutt the crimson imp, but do no damage.
You closely miss the ufetubus. You block the ufetubus's attack.
The ufetubus barely misses you. x2
The ufetubus hits you but does no damage.
The crimson imp hits you. You block the ufetubus's attack.
The ufetubus hits you but does no damage.
The crimson imp hits you but does no damage.
You barely miss the ufetubus. You hit the adder but do no damage.
You closely miss the crimson imp. You block the ufetubus's attack.
The ufetubus hits you. You block the adder's attack.
The ufetubus hits you but does no damage.
The ufetubus barely misses you.
The crimson imp hits you but does no damage.
The adder bites you.
You are poisoned.
The adder poisons you!
You feel very mighty all of a sudden.
You feel sick.
The ufetubus hits you but does no damage.
The ufetubus hits you. You block the ball python's attack.
The ball python grabs you. The ball python constricts you.
The crimson imp blinks!
The adder barely misses you. The ufetubus hits you.
* * * LOW HITPOINT WARNING * * *
The ufetubus hits you.
You die...

##########'##..........
#.?(.')))'.##......#..#
##########.##..........
#..........†'..........
+#####'#####......#..#
#...)†# #..........
#.....# ####'#####+
###§### #.......#
#.†.@.# #.......#
#..S5S# #.......#
####'## #...<...#
#...5....##.......#
#........##.......#
###########.......#
#########


You could see a crimson imp, an adder, an ufetubus and a ball python.

Vanquished Creatures
  A giant cockroach (D)
  A kobold (D)
  A ball python (D)
  A jackal skeleton (D)
  A rat (D)
5 creatures vanquished.

Notes
Turn   | Place    | Note
-------+----------+-------------------------------------------
     0 | D        | boopmooplesden the Minotaur Fighter began the quest for the
                  | Orb.
     0 | D        | Reached XP level 1. HP: 19/19 MP: 0/0
    39 | D        | Found a bloodstained altar of Trog.
    39 | D        | Found a shimmering blue altar of Sif Muna.
    39 | D        | Found a viscous altar of Jiyva.
    39 | D        | Found a hazy altar of Hepliaklqana.
    39 | D        | Found an opulent altar of Gozag.
    40 | D        | Found a glowing golden altar of the Shining One.
    40 | D        | Found a glowing silver altar of Zin.
    40 | D        | Found a basalt altar of Yredelemnul.
    40 | D        | Found a shimmering altar of Xom.
    40 | D        | Found an ornate altar of the Wu Jian Council.
    40 | D        | Found a sacrificial altar of Ru.
    40 | D        | Found a stormy altar of Qazlal.
    40 | D        | Found an iron altar of Okawaru.
    40 | D        | Found a sparkling altar of Nemelex Xobeh.
    40 | D        | Found a burning altar of Makhleb.
    40 | D        | Found a blossoming altar of Fedhas.
    40 | D        | Found a white marble altar of Elyvilon.
    40 | D        | Found a shadowy altar of Dithmenos.
    40 | D        | Found a snail-covered altar of Cheibriados.
    41 | D        | Found a radiant altar of Vehumet.
    41 | D        | Found a corrupted altar of Lugonu.
    42 | D        | Found a hide-covered altar of Uskayaw.
    42 | D        | Found an ancient bone altar of Kikubaaqudgha.
    42 | D        | Found a broken altar of Ashenzari.
    46 | D        | Became a worshipper of Warmaster Okawaru
    75 | D        | Noticed a crimson imp
    80 | D        | Slain by an ufetubus

Illustrated notes

Levels and vault maps discovered:
D:        pitsprint [storerooms_1, entrance_room_1, metal_vault_4, armoury_2,
          mini_pit_1, grid_room_1, main_hall_1, silver_pit, the_coven_1,
          the_vestibule_1, steel_vault_4, golden_pit, hallway_of_sentries,
          crystal_vault_2, iron_vault_4, final_vault]

Skill      XL: |  1 |
---------------+----+-----
Fighting       | 4 |  4.2
Armour         | 4 |  4.3
Shields        | 4 |  4.3
Axes           | |  2.6

Action                   || total
-------------------------++-------
Melee: War axe           ||    11
       Headbutt          ||     4
  Use: Potion            ||     1
Armor: Scale mail        ||    10
Dodge: Dodged            ||     7
Block: Kite shield       ||    17
